 Dungeon Crawl Stone Soup version 0.29.0-4-gdea44cf6ec (webtiles) character file.

Game seed: 10281352927812038338

50 qw the Chopper (level 3, -4/21 HPs)
             Began as a Tengu Warper on Aug 28, 2022.
             Slain by Sigmund
             ... wielding a +0 scythe
              (9 damage)
             ... on level 2 of the Dungeon.
             The game lasted 00:00:09 (1571 turns).

qw the Chopper (Tengu Warper)                       Turns: 1571, Time: 00:00:09

Health: -4/21      AC:  5    Str: 13    XL:     3   Next: 79%
Magic:  7/7        EV: 11    Int: 13    God:
Gold:   40         SH:  0    Dex: 13    Spells: 6/6 levels left

rFire   . . .      SeeInvis .   Y - +0 hand axe
rCold   . . .      Faith    .   (no shield)
rNeg    . . .      Spirit   .   g - +0 ring mail
rPois   .          Reflect  .   (helmet restricted)
rElec   .          Harm     .   (no cloak)
rCorr   .          Rampage  .   (no gloves)
Will    .....                   (boots unavailable)
Stlth   +.........              (no amulet)
HPRegen 0.07/turn               (no ring)
MPRegen 0.10/turn               (no ring)

@: no status effects
A: beak, talons 3
a: no special abilities


You were on level 2 of the Dungeon.
You visited 1 branch of the dungeon, and saw 2 of its levels.

You collected 80 gold pieces.
You spent 40 gold pieces at shops.


Innate Abilities, Weirdness & Mutations

You have a beak for a mouth.
You have claws for feet.


   Skills:
 - Level 2.0 Fighting
 + Level 4.4 Axes
 - Level 1.0 Throwing
 - Level 1.1 Armour
 - Level 2.1 Dodging
 - Level 2.0 Spellcasting
 - Level 2.4 Translocations


You had 6 spell levels left.
You didn't know any spells.
Your spell library contained the following spells:

 Spells                   Type           Power      Damage    Failure   Level
 Blink                    Tloc           14%        N/A       30%         2
 Gell's Gravitas          Tloc           7%         N/A       52%         3
 Lesser Beckoning         Tloc           7%         N/A       52%         3
 Teleport Other           Tloc           7%         N/A       52%         3
 Manifold Assault         Tloc           7%         N/A       99%         5

Inventory:

Hand Weapons
 h - a +0 whip
 Y - a +0 hand axe (weapon)
Armour
 b - a +0 pair of gloves
 g - a +0 ring mail (worn)
Jewellery
 i - a ring of fire
Scrolls
 a - a scroll of identify {unknown}
Potions
 e - a potion of heal wounds {unknown}
 j - a potion of cancellation

Dungeon Overview and Level Annotations

Branches:
Dungeon (2/15)

Altars:

Shops:
D:1 [

Annotations:
D:2 Jessica, Sigmund


Message History

A quokka comes into view.
The quokka bites you but does no damage.
You closely miss the quokka. Your peck misses the quokka.
The quokka bites you but does no damage.
You hit the quokka. You claw the quokka.
You kill the quokka!
Found a mace.
There is an open door here.
You see here a quokka corpse.
A frilled lizard comes into view.
You hit the frilled lizard.
You kill the frilled lizard!
You open the door.
There is an open door here.
You open the door.
Jessica, Sigmund and a goblin come into view.
Jessica shouts!
Sigmund shouts!
The goblin shouts!
Sigmund mumbles some strange words.
Sigmund flickers and vanishes!
Deactivating autopickup; reactivate with Ctrl-A.
Found an escape hatch in the ceiling.
Enter note: You hit Jessica.
Your kick misses Jessica.
Jessica is moderately wounded.
Jessica hits you with a +0 club.
You hit Jessica but do no damage. Your kick misses Jessica.
Jessica is moderately wounded.
Jessica mumbles some strange words.
Jessica seems to speed up.
You hit Jessica but do no damage.
Jessica is moderately wounded.
Jessica hits you with a +0 club. Something hits you!
Jessica points at you and mumbles some strange words.
Pain shoots through your body!
A frilled lizard comes into view.
The frilled lizard hisses angrily.
You hit Jessica.
Jessica is severely wounded.
Jessica hits you with a +0 club. Something hits you!
You die...

.........##....##.#
...............##.#
...........%....#.#
................#.#
................#.# ######
.######'#.......#.# ......
........+.......%.#
################.#.......###
...........## #@#)......#
####........# #@#####...# #
#........# {g. #...#
####........# ..... #####
...#........#.......
.........#+##........
##.#####.#.##.......<.
#....##.#.##.......l..
#....##.#.#


You could see Jessica (fast), a goblin and a frilled lizard.

Vanquished Creatures
  An adder (D:2)
  A dart slug (D:1)
  4 endoplasms
  A giant cockroach (D:2)
  A goblin (D:1)
  3 hobgoblins (D:1)
  5 jackals (D:1)
  9 kobolds
  A quokka (D:2)
  2 ball pythons (D:1)
  4 bats (D:1)
  2 frilled lizards
  3 rats
37 creatures vanquished.

Vanquished Creatures (others)
  2 plants (D:1)
2 creatures vanquished.

Grand Total: 39 creatures vanquished

Notes
Turn   | Place    | Note
-------+----------+-------------------------------------------
     0 | D:1      | qw the Tengu Warper began the quest for the Orb.
     0 | D:1      | Reached XP level 1. HP: 12/12 MP: 4/4
     0 | D:1      | 0 ||| qw: Version: 0.1-a-89-g26bdef1
     0 | D:1      | 0 ||| qw: Game counter: 245
     0 | D:1      | 0 ||| qw: Always use a shield: true
     0 | D:1      | 0 ||| qw: God list: Okawaru
     0 | D:1      | 0 ||| qw: Allow faded altars: false
     0 | D:1      | 0 ||| qw: Do Orc after D:15 true
     0 | D:1      | 0 ||| qw: Do second Lair branch before Depths: true
     0 | D:1      | 0 ||| qw: Lair rune preference: random
     0 | D:1      | 0 ||| qw: Plans: Normal
     0 | D:1      | 0 ||| PLANNING D:1-11
     9 | D:1      | 9 ||| Stepping ~*~*~tactically~*~*~ (stealth).
    22 | D:1      | 22 ||| Stepping ~*~*~tactically~*~*~ (stealth).
   164 | D:1      | 164 ||| Stepping ~*~*~tactically~*~*~ (stealth).
   168 | D:1      | 168 ||| Stepping ~*~*~tactically~*~*~ (stealth).
   173 | D:1      | 173 ||| Stepping ~*~*~tactically~*~*~ (stealth).
   174 | D:1      | 174 ||| Stepping ~*~*~tactically~*~*~ (stealth).
   204 | D:1      | Reached skill level 3 in Axes
   204 | D:1      | Reached XP level 2. HP: 13/17 MP: 6/6
   290 | D:1      | Found Qesuexeamo's Armour Emporium.
   303 | D:1      | 303 ||| SHOPLISTING +0 chain mail (45 gold, have 42).
   303 | D:1      | 303 ||| BUYING +0 ring mail (40 gold).
   303 | D:1      | Bought a +0 ring mail for 40 gold pieces
   303 | D:1      | 303 ||| SHOPLISTING +2 ring mail of cold resistance (210
                  | gold, have 2).
   303 | D:1      | 303 ||| SHOPLISTING +2 scale mail of positive energy (180
                  | gold, have 2).
   303 | D:1      | 303 ||| SHOPLISTING +4 scale mail of cold resistance (310
                  | gold, have 2).
   303 | D:1      | 303 ||| SHOPLISTING +5 chain mail of Digucuy {+Blink Fly
                  | rF- Will+++} (666 gold, have 2).
   307 | D:1      | 307 ||| Stepping ~*~*~tactically~*~*~ (stealth).
   356 | D:1      | 356 ||| Stepping ~*~*~tactically~*~*~ (stealth).
   363 | D:1      | 363 ||| Stepping ~*~*~tactically~*~*~ (stealth).
   374 | D:1      | 374 ||| Stepping ~*~*~tactically~*~*~ (stealth).
   553 | D:1      | 553 ||| DROPPING +0 club.
   794 | D:1      | Reached XP level 3. HP: 20/21 MP: 7/7
   941 | D:1      | 941 ||| Stepping ~*~*~tactically~*~*~ (stealth).
   946 | D:1      | 946 ||| Stepping ~*~*~tactically~*~*~ (stealth).
  1000 | D:1      | Reached skill level 4 in Axes
  1087 | D:1      | Found a faded altar of an unknown god.
  1233 | D:1      | 1233 ||| UPGRADING to +0 ring mail.
  1243 | D:1      | 1243 ||| DROPPING +0 leather armour.
  1244 | D:1      | 1244 ||| READING scroll labelled KAC KIBUPI.
  1245 | D:1      | 1245 ||| READING scroll labelled SAVUOST ONTIF.
  1250 | D:1      | 1250 ||| READING scroll labelled ECAHIU KOAF.
  1251 | D:1      | 1251 ||| DRINKING 2 black potions.
  1252 | D:1      | 1252 ||| DROPPING scroll of blinking.
  1567 | D:2      | Noticed Jessica
  1567 | D:2      | Noticed Sigmund
  1571 | D:2      | HP: 5/21 [Jessica/+0 club (2)]
  1571 | D:2      | Slain by Sigmund

Levels and vault maps discovered:
D:1:      sevenhm_arrival_forest_fort_large_4, layout_loops_cross,
          shapermc_ecumenical_altar_petra, serial_shops, nicolae_square_shop
D:2:      layout_basic, basic_altar, uniq_jessica, uniq_sigmund

Skill      XL: |  1  2  3 |
---------------+----------+-----
Axes           | 3 4 |  4.4
Fighting       | |  2.0
Throwing       | |  1.0
Armour         | |  1.1
Dodging        | |  2.1
Spellcasting   | |  2.0
Translocations | |  2.4

Action                   || total
-------------------------++-------
Melee: Hand axe          ||    88
       Kick              ||    20
       Peck              ||    10
Throw: Boomerang         ||     7
  Use: Scroll            ||     3
       Potion            ||     1
Armor: Leather armour    ||    20
       Ring mail         ||     5
Dodge: Dodged            ||    45

Table legend:
 A = Non-vault XP
 B = Vault XP
 C = Vault XP percentage of total XP
 D = Non-vault monster count
 E = Vault monster count
 F = Vault count percentage of total count
                 A         B        C        D         E       F
            +---------+---------+-------+---------+---------+-------
      Total |      72 |       0 |   0.0 |      37 |       0 |   0.0
            +---------+---------+-------+---------+---------+-------
        D:1 |      48 |       0 |   0.0 |      29 |       0 |   0.0
        D:2 |      24 |       0 |   0.0 |       8 |       0 |   0.0
            +---------+---------+-------+---------+---------+-------
